 Dungeon Crawl Stone Soup version 0.31-a0-221-gbddc013574 (webtiles) character file.

Game seed: 566668567318511682

1458 IndexError the Skirmisher (level 9, -11/72 HPs)
             Began as a Formicid Hunter on July 4, 2023.
             Was a Priest of Cheibriados.
             Mangled by an ogre
             ... wielding a +0 giant club
              (28 damage)
             ... on level 6 of the Dungeon.
             The game lasted 00:09:42 (4372 turns).

IndexError the Skirmisher (Formicid Hunter)         Turns: 4372, Time: 00:09:43

Health: -11/72     AC: 10    Str: 24    XL:     9   Next: 5%
Magic:  8/11       EV: 11    Int: 23    God:    Cheibriados [***...]
Gold:   301        SH:  0    Dex: 29    Spells: 8/8 levels left

rFire   . . .        a - +0 shortbow
rCold   . . .        (no shield)
rNeg    . . .        o - +0 scale mail
rPois   .            (helmet unavailable)
rElec   .            (no cloak)
rCorr   .            i - +0 pair of gloves
SInv    +            l - +2 pair of boots of Ejiem {Int+6}
Will    .....        (no amulet)
Stlth   +            (no ring)
HPRegen 0.32/turn    (no ring)
MPRegen 0.12/turn

%: no passive effects
@: very slow
A: permanent stasis, dig shafts and tunnels, antennae 3, four strong arms
a: Dig, Shaft Self, Renounce Religion, Bend Time, Temporal Distortion


You were on level 6 of the Dungeon.
You worshipped Cheibriados.
Cheibriados was most pleased with you.
You visited 1 branch of the dungeon, and saw 6 of its levels.

You collected 301 gold pieces.

Inventory:

Hand Weapons
 a - a +0 shortbow (weapon)
 b - a +2 dagger of venom
   (You took it off a goblin on level 1 of the Dungeon)
Armour
 c - a +0 tower shield
   (You found it on level 3 of the Dungeon)
 i - a +0 pair of gloves (worn)
   (You found it on level 1 of the Dungeon)
 l - the +2 pair of boots of Ejiem (worn) {Int+6}
   (You found it on level 2 of the Dungeon)

   Int:       It affects your intelligence (+6).
 o - a +0 scale mail (worn)
   (You took it off an orc on level 3 of the Dungeon)
Jewellery
 g - a ring of ice {rC+, rF-}
   (You took it off a goblin on level 1 of the Dungeon)
Wands
 p - a wand of light (17)
   (You took it off a kobold on level 3 of the Dungeon)
 u - a wand of iceblast (12)
   (You found it on level 5 of the Dungeon)
Scrolls
 f - 6 scrolls of identify {unknown}
 h - a scroll of vulnerability {unknown}
 j - a scroll of butterflies
 m - a scroll of enchant armour {unknown}
 n - a scroll of blinking {unknown}
 q - a scroll of revelation {unknown}
 s - a scroll of poison {unknown}
Potions
 d - a potion of might {unknown}
 e - a potion of degeneration {unknown}
 k - 4 potions of heal wounds {unknown}
 r - 3 potions of mutation {unknown}
 t - 2 potions of cancellation {unknown}
 v - a potion of magic {unknown}
 w - a potion of haste {unknown}


   Skills:
 - Level 7.3 Fighting
 * Level 9.0 Ranged Weapons
 - Level 1.7 Dodging
 - Level 1.2 Stealth
 + Level 2.7 Invocations


You had 8 spell levels left.
You didn't know any spells.
Your spell library contained the following spells:

 Spells                   Type           Power      Damage    Failure   Level
 Magic Dart               Conj           0%         1d3       38%         1
 Sting                    Tmut/Pois      0%         1d3       38%         1
 Summon Small Mammal      Summ           0%         N/A       38%         1
 Call Imp                 Summ           0%         N/A       52%         2
 Poisonous Vapours        Pois/Air       0%         N/A       52%         2
 Scorch                   Fire           0%         2d5       52%         2
 Call Canine Familiar     Summ           0%         N/A       77%         3
 Gell's Gravitas          Tloc           0%         N/A       77%         3
 Mephitic Cloud           Conj/Pois/Air  0%         N/A       77%         3
 Portal Projectile        Hex/Tloc       0%         N/A       77%         3
 Summon Guardian Golem    Hex/Summ       0%         N/A       77%         3
 Teleport Other           Tloc           0%         N/A       77%         3
 Volatile Blastmotes      Fire/Tloc      0%         2d10      77%         3
 Flame Wave               Conj/Fire      0%         2d4       99%         4
 Fulminant Prism          Conj/Hex       0%         3d5       99%         4
 Iskenderun's Mystic Bla  Conj/Tloc      0%         2d3       99%         4
 Leda's Liquefaction      Hex/Erth       0%         N/A       99%         4
 Olgreb's Toxic Radiance  Pois           0%         N/A       99%         4
 Lee's Rapid Deconstruct  Erth           0%         3d4*      100%        5
 Dispersal                Tloc           0%         N/A       100%        6
 Summon Cactus Giant      Summ           0%         N/A       100%        6


Dungeon Overview and Level Annotations

Branches:
Dungeon (6/15)             Temple (0/1) D:4

Altars:
Cheibriados


Innate Abilities, Weirdness & Mutations

You cannot be hasted, slowed, berserked, paralysed or teleported.
You can dig through walls and to a lower floor.
You have a pair of large antennae on your head. (SInv)
Your four strong arms can wield two-handed weapons with a shield.


Message History

The water moccasin attacks as you move away!
The water moccasin bites you but does no damage.
You feel sick. The hound bites you but does no damage.
The orc wizard hits you but does no damage.
The hound bites you but does no damage. The water moccasin barely misses you.
The orc barely misses you.
The orc wizard casts a spell.
The orc wizard flickers and vanishes for a moment.
The hound bites you.
There is a stone staircase leading up here.
You take 3 damage, and have 28/67 hp.
Activating: Slouch (50% risk of failure)
Press: ? - help, Dir - look around, f - activate You can feel time thicken for a moment.
Cheibriados thoroughly appreciates the change of pace.
Cheibriados appreciates the change of pace. x3
Cheibriados thoroughly appreciates the change of pace. x2
Cheibriados appreciates the change of pace.
Cheibriados thoroughly appreciates the change of pace.
You can no longer inflict damage on those overly hasty.
Cheibriados lowers the support of your attributes as your movement quickens.
You feel sick.
Your Ranged Weapons skill increases to level 9!
Your Invocations skill increases to level 2!
You have reached level 9!
Your experience leads to an increase in your attributes!
Your base attributes are Str 16, Int 9, Dex 19.
Increase (s)trength, (i)ntelligence, or (d)exterity?
You feel agile. x2
You regained 2 hp, and now have 30/72 hp.
You now have 4/11 mp.
You feel sick.
You climb upwards.
You feel sick.
There is a stone staircase leading down here.
You take 2 damage, and have 28/72 hp.
You feel sick.
You feel sick.
You take 1 damage, and have 27/72 hp.
The sentinel's mark upon you fades away.
You feel sick.
You feel sick.
You are no longer poisoned.
You take 1 damage, and have 26/72 hp.
Magic restored.
HP restored.
Done exploring.
Health restored: 72; MP restored: 11 Done exploring.
You climb downwards.
There is a stone staircase leading up here.
A scorpion comes into view.
You see here a water moccasin corpse.
You shoot an arrow.
The arrow hits the scorpion but does no damage.
You shoot an arrow.
The arrow hits the scorpion but does no damage.
An ogre comes into view. It is wielding a +0 giant club.
You shoot an arrow.
The arrow hits the scorpion but does no damage.
You shoot an arrow.
The arrow hits the scorpion but does no damage.
You shoot an arrow. The arrow hits the scorpion.
The scorpion barely misses you.
You shoot an arrow. The arrow barely misses the scorpion.
The scorpion barely misses you.
The scorpion stings you but does no damage.
You shoot an arrow.
The arrow hits the scorpion but does no damage.
The scorpion closely misses you.
You shoot an arrow. The arrow hits the scorpion.
The scorpion barely misses you. The ogre closely misses you.
You shoot an arrow. The arrow hits the scorpion!
The scorpion barely misses you.
The ogre hits you with a +0 giant club!!
The scorpion stings you but does no damage.
You take 25 damage, and have 47/72 hp.
MASSIVE DAMAGE!!
You shoot an arrow. The arrow barely misses the scorpion.
A gnoll comes into view. It is wielding a +0 spear.
The scorpion stings you but does no damage.
You shoot an arrow. The arrow closely misses the scorpion.
The ogre misses you. The scorpion barely misses you.
You shoot an arrow. The arrow closely misses the scorpion.
The scorpion barely misses you.
A wight comes into view. It is wielding a +0 dagger.
The ogre hits you with a +0 giant club!!
* * * LOW HITPOINT WARNING * * *
The scorpion barely misses you.
A gnoll comes into view. It is wielding a +0 halberd.
You take 31 damage, and have 17/72 hp.
MASSIVE DAMAGE!!
You are too injured to fight recklessly!
You are too injured to fight recklessly!
You are too injured to fight recklessly!
You are too injured to fight recklessly!
Okay, then.
The flow of time bends around you.
Cheibriados rebukes the scorpion.
The scorpion seems to slow down.
The ogre resists with some effort.
The gnoll barely misses you.
The ogre hits you with a +0 giant club!!
You die...

#############
########.....#.....#
......#.............
...................$
.......[............
...g.z†<............
...###gs@...........
#..O[..........
#......)......$
##../..........
##.....#.....#
#.###.####### #..#
#.# #.## #.# .> ..#


You could see an ogre, a scorpion (slow), a wight and 2 gnolls.

Vanquished Creatures
  Edmund (D:5)
  2 water moccasins (D:6)
  An ice beast (D:5)
  A black bear (D:5)
  2 bullfrogs
  2 scorpions (D:4)
  A howler monkey (D:4)
  An orc priest (D:4)
  A gnoll bouda (D:5)
  5 hounds
  A sleepcap (D:4)
  6 iguanas
  An orc wizard (D:6)
  5 gnolls
  9 adders
  A white imp (D:6)
  An ufetubus (D:5)
  A worm (D:3)
  4 dart slugs
  11 orcs
  11 ball pythons
  8 endoplasms
  2 giant cockroaches
  15 goblins
  7 hobgoblins
  6 jackals
  4 quokkas
  7 bats
  4 frilled lizards
  9 kobolds
  6 rats
136 creatures vanquished.

Notes
Turn   | Place    | Note
-------+----------+-------------------------------------------
     0 | D:1      | IndexError the Formicid Hunter began the quest for the Orb.
     0 | D:1      | Reached XP level 1. HP: 16/16 MP: 1/1
    44 | D:1      | Reached XP level 2. HP: 23/23 MP: 2/2
   116 | D:1      | Reached skill level 3 in Fighting
   116 | D:1      | Reached XP level 3. HP: 29/29 MP: 3/3
   594 | D:1      | Reached XP level 4. HP: 15/35 MP: 4/4
   804 | D:1      | Found a faded altar of an unknown god.
   814 | D:1      | Prayed at the altar of an unknown god.
   814 | D:1      | Became a worshipper of Cheibriados the Contemplative
   814 | D:1      | Reached * piety under Cheibriados
  1054 | D:2      | Identified the +2 pair of boots of Ejiem {Int+6}
  1153 | D:2      | Reached skill level 5 in Ranged Weapons
  1157 | D:2      | Reached ** piety under Cheibriados
  1289 | D:2      | Reached skill level 4 in Fighting
  1501 | D:3      | Reached XP level 5. HP: 34/42 MP: 5/5
  2145 | D:4      | Reached *** piety under Cheibriados
  2154 | D:4      | Reached XP level 6. HP: 44/49 MP: 6/6
  2367 | D:4      | Reached skill level 5 in Fighting
  2448 | D:4      | Found a staircase to the Ecumenical Temple.
  2541 | D:4      | Reached skill level 6 in Ranged Weapons
  2705 | D:4      | Reached XP level 7. HP: 41/56 MP: 7/7
  3011 | D:4      | Reached skill level 6 in Fighting
  3034 | D:5      | Entered Level 5 of the Dungeon
  3200 | D:5      | Reached **** piety under Cheibriados
  3201 | D:5      | Reached skill level 7 in Ranged Weapons
  3201 | D:5      | Reached XP level 8. HP: 61/65 MP: 8/8
  3435 | D:5      | Noticed Edmund
  3447 | D:5      | HP: 12/65 [Edmund/+4 heavy dire flail (8)]
  3452 | D:5      | Killed Edmund
  3454 | D:5      | Reached skill level 7 in Fighting
  3832 | D:5      | Reached skill level 8 in Ranged Weapons
  4200 | D:6      | Reached skill level 1 in Invocations
  4208 | D:6      | Reached skill level 9 in Ranged Weapons
  4208 | D:6      | Reached skill level 2 in Invocations
  4208 | D:6      | Reached XP level 9. HP: 30/72 MP: 4/11
  4371 | D:6      | HP: 17/72 [ogre/+0 giant club (31)]
  4372 | D:6      | Mangled by an ogre

Illustrated notes

Levels and vault maps discovered:
D:1:      dpeg_arrival_radiant, layout_basic,
          shapermc_ecumenical_altar_flowoftime, minmay_hexomino_c4
D:2:      layout_rooms
D:3:      layout_loops_cross, serial_park_tiny_pond
D:4:      layout_rooms, minmay_temple_entry_statues_fountains,
          minmay_tree_intersection
D:5:      layout_gridville, uniq_edmund
D:6:      layout_rooms

Skill      XL: |  1  2  3  4  5  6  7  8 |
---------------+-------------------------+-----
Fighting       | 3 4 5 6 7 |  7.3
Ranged Weapons | 5 6 7 9 |  9.0
Invocations    | 2 |  2.7
Dodging        | |  1.7
Stealth        | |  1.2

Action                     |  1- 3 |  4- 6 |  7- 9 || total
---------------------------+-------+-------+-------++-------
   Fire: Shortbow          |    93 |   218 |   131 ||   442
 Invoke: Slouch            |       |       |     2 ||     2
         Bend Time         |       |       |     1 ||     1
 Armour: Leather armour    |    10 |    21 |       ||    31
         Scale mail        |       |    22 |    49 ||    71
  Dodge: Dodged            |    22 |    63 |    77 ||   162

Table legend: (Time is in decaauts)
 A = Elapsed time spent in this place.
 B = Non-inter-level travel time spent in this place.
 C = Inter-level travel time spent in this place.
 D = Time resting spent in this place.
 E = Time spent auto-exploring this place.
 F = Levels seen in this place.
 G = Mean time per level.
                   A        B        C        D        E       F      G
               +--------+--------+--------+--------+--------+-----+--------+
         Total |   5904 |   5212 |    692 |      0 |   3985 |   6 |  984.0 |
       Dungeon |   5904 |   5212 |    692 |      0 |   3985 |   6 |  984.0 |
               +--------+--------+--------+--------+--------+-----+--------+

Top non-repeatable levels by time:
     D:5: 1764 daAuts
     D:3: 1190 daAuts
     D:4: 1132 daAuts
     D:1: 1086 daAuts
     D:2: 676 daAuts
     D:6: 54 daAuts

Levels and vault maps discovered:
D:1:      dpeg_arrival_radiant, layout_basic,
          shapermc_ecumenical_altar_flowoftime, minmay_hexomino_c4
D:2:      layout_rooms
D:3:      layout_loops_cross, serial_park_tiny_pond
D:4:      layout_rooms, minmay_temple_entry_statues_fountains,
          minmay_tree_intersection
D:5:      layout_gridville, uniq_edmund
D:6:      layout_rooms

Table legend: (Time is in decaauts)
 A = Elapsed time spent in this place.
 B = Non-inter-level travel time spent in this place.
 C = Inter-level travel time spent in this place.
 D = Time resting spent in this place.
 E = Time spent auto-exploring this place.
 F = Levels seen in this place.
 G = Mean time per level.
                   A        B        C        D        E       F      G
               +--------+--------+--------+--------+--------+-----+--------+
         Total |   5904 |   5212 |    692 |      0 |   3985 |   6 |  984.0 |
       Dungeon |   5904 |   5212 |    692 |      0 |   3985 |   6 |  984.0 |
               +--------+--------+--------+--------+--------+-----+--------+

Top non-repeatable levels by time:
     D:5: 1764 daAuts
     D:3: 1190 daAuts
     D:4: 1132 daAuts
     D:1: 1086 daAuts
     D:2: 676 daAuts
     D:6: 54 daAuts

Table legend:
 A = Kills in this place as a percentage of kills in the entire game.
 B = Kills by you in this place as a percentage of kills by you in the entire game.
 C = Kills by friends in this place as a percentage of kills by friends in the entire game.
 D = Other kills in this place as a percentage of other kills in the entire game.
 E = Experience gained in this place as a percentage of experience gained in the entire game.
 F = Experience gained in this place divided by the number of levels of this place that you have seen.
                   A       B       C       D       E      F
               +-------+-------+-------+-------+-------+----------------------
         Total | 100.0 | 100.0 |   N/A |   N/A | 100.0 | 347.2
       Dungeon | 100.0 | 100.0 |   N/A |   N/A | 100.0 | 347.2
               +-------+-------+-------+-------+-------+----------------------
